cohdb
Replays
Latest Replays
All Replays
Popular Replays
Top Player Replays
Match Explorer
How It Works
Community
CoH3 Stats
Reddit
Sign in to upload your games and track your stats! →
Sign in with Steam
Match 43351036
Unlisted
Match 43351036
Overview
Messages
Build Orders
End
Construct Infanterie Kompanie
Kettenkrad Recon Vehicle
Selects Breakthrough Battlegroup
Selects Assault Grenadiers
MG 42 Machine Gun Team
Grenadier Squad
Grenadier Squad
GrW 34 Mortar Team
Infanterie Officer Quarters
Selects Rapid Production
Selects 2.5-tonne Cargo Truck
Construct Panzergrenadier Kompanie
2.5-tonne Cargo Truck
251 Medium Carrier
Pak 40 Anti-tank Gun Team
Pak 40 Anti-tank Gun Team
Selects Blitzkrieg
Support Elements
Nebelwerfer 42 Rocket Launcher Team
Construct Panzer Kompanie
Panzer IV Medium Tank
Panzer IV Medium Tank
Panzer Officer Quarters
Selects Tiger Heavy Tank
Repair Bunker
Selects Breakthrough
Selects Incendiary Bombing Run
Tiger Heavy Tank
Incendiary Bombing Run
Breakthrough
251 Medium Carrier
2.5-tonne Cargo Truck
Panzer IV Medium Tank
Side Skirts
Pioneer Squad
Panzer IV Medium Tank
Incendiary Bombing Run
Pak 40 Anti-tank Gun Team
Incendiary Bombing Run
Moltke1871
Lego397
Ricochet
ynvator
0
0
Comments
sign in to comment!
No comments posted yet!